[Event "Early-Titled-Tuesday-Blitz-April-02-2024"]
[Site "Chess.com"]
[Date "2024.04.02"]
[Round "6"]
[White "Witik"]
[Black "BashiqChess"]
[Result "1-0"]
[WhiteElo "2781"]
[BlackElo "2488"]
[TimeControl "180+1"]
[EndTime "9:05:43 PDT"]
[Termination "Witik won on time"]

1. d4 d5 2. c4 e6 3. Nf3 a6 4.
Nbd2 Nf6 5. g3 dxc4 6. Nxc4 b5 7. Nce5 Bb7 8. Bg2 c5 9. O-O Nbd7 10. Nxf7 Kxf7 11.
Ng5+ Ke7 12. Bxb7 Ra7 13. Bg2 h6 14. Nf3 Kf7 15. e4 cxd4 16. e5 Nd5 17. Qxd4 Bc5 18. Qg4 N7b6 19. h4 Qe7 20. h5 Ke8 21. Nh4 Kd8 22. Ng6 Qe8 23. Bd2 Rg8 24. Rac1 Nc4 25. Rfd1 Rf7 26. Be1 Qc6 27. b3 Qb6 28. bxc4 Bxf2+ 29.
Kh2 Bxe1 30. cxd5 exd5 31. Rxd5+ Ke8 32. Rc8+ 1-0

[Event "Early-Titled-Tuesday-Blitz-April-02-2024"]
[Site "Chess.com"]
[Date "2024.04.02"]
[Round "6"]
[White "VanRommel28"]
[Black "javirec"]
[Result "1-0"]
[WhiteElo "2497"]
[BlackElo "2279"]
[TimeControl "180+1"]
[EndTime "9:05:43 PDT"]
[Termination "VanRommel28 won by checkmate"]

1. d4 Nf6 2. Bf4 g6 3. Nc3 d5 4. e3 Bg7 5. h4 h5 6. Nf3 c5 7.
Qd2 Nc6 8. dxc5 Bf5 9. O-O-O Ne4 10. Nxe4 Bxe4 11. Bb5 O-O 12. Bxc6 bxc6 13. c3 Qa5 14. a3 Qa4 15. Ng5 Bf5 16. f3 Qb3 17. g4 hxg4 18.
e4 dxe4 19. fxe4 Be6 20. h5 Qa2 21. hxg6 Bb3 22. Qh2 Qa1+ 23. Kd2 Qxb2+ 24. Ke3 Qxc3+ 25. Rd3 Bd4+ 26. Ke2 Qc2+ 27. Bd2 fxg6 28. Qh7# 1-0

[Event "Early-Titled-Tuesday-Blitz-April-02-2024"]
[Site "Chess.com"]
[Date "2024.04.02"]
[Round "6"]
[White "Vasily_IM"]
[Black "AlainBruxelles"]
[Result "1-0"]
[WhiteElo "2560"]
[BlackElo "2315"]
[TimeControl "180+1"]
[EndTime "9:05:44 PDT"]
[Termination "Vasily_IM won by resignation"]

1. d4 d5 2. c4 dxc4 3. e3 Nf6 4. Bxc4 e6 5. Nf3 a6 6. O-O c5 7. b3 cxd4 8. Nxd4 Bd6 9. Bb2 O-O 10. Nd2 b5 11. Be2 Bb7 12. a4 bxa4 13. Rxa4 Nbd7 14.
Bf3 Bxf3 15. Qxf3 Nc5 16. Ra2 Qb8 17. h3 Nd3 18. Nc6 Qc7 19. Bxf6 gxf6 20. Rc2 Ne5 21. Qxf6 Nxc6 22. Rc4 Ne5 23. Rxc7 Bxc7 24. Rc1 Bb8 25. Ne4 Ng6 26. h4 Be5 27. Qg5 Rac8 28. Rxc8 Rxc8 29.
f4 Rc1+ 30. Kh2 Bg7 31. h5 f6 32. Nxf6+ Bxf6 33. Qxf6 Nf8 34. h6 1-0

[Event "Early-Titled-Tuesday-Blitz-April-02-2024"]
[Site "Chess.com"]
[Date "2024.04.02"]
[Round "6"]
[White "AA95"]
[Black "Pragmatist237"]
[Result "1-0"]
[WhiteElo "2494"]
[BlackElo "2256"]
[TimeControl "180+1"]
[EndTime "9:05:45 PDT"]
[Termination "AA95 won by resignation"]

1. Nf3 Nf6 2. g3 g6 3. Bg2 Bg7 4. O-O O-O 5. d4 d5 6. c3 c6 7. Bf4 Nbd7 8. Ne5 e6 9. Nd2 Nxe5 10. Bxe5 b6 11. a4 Ba6 12. Re1 Nd7 13. Bxg7 Kxg7 14. e4 Bb7 15. a5 dxe4 16. a6 Bc8 17. Nxe4 Qc7 18. Qf3 Rb8 19. b4 b5 20. h4 h6 21.
Nc5 Rb6 22. h5 g5 23. Rxe6 Nxc5 24. Qf6+ Kg8 25. dxc5 Rxa6 26. Rxa6 fxe6 27. Qg6+ Qg7 28. Rxa7 Rf7 29. Rxf7 1-0

[Event "Early-Titled-Tuesday-Blitz-April-02-2024"]
[Site "Chess.com"]
[Date "2024.04.02"]
[Round "6"]
[White "Licancabur"]
[Black "WCM-Mexicana"]
[Result "0-1"]
[WhiteElo "2478"]
[BlackElo "2350"]
[TimeControl "180+1"]
[EndTime "9:05:45 PDT"]
[Termination "WCM-Mexicana won by checkmate"]

1. d4 d5 2. Bg5 c5 3. e3 Nc6 4. Nf3 Bf5 5. dxc5 Qa5+ 6. Nbd2 Qxc5 7. Bd3 Bg4 8. h3 Bh5 9. O-O e5 10. e4 Be7 11. Bxe7 Ngxe7 12. exd5 Nxd5 13. Ne4 Qe7 14. Bb5 Rd8 15. Qe2 O-O 16. Rad1 Nd4 17. Rxd4 exd4 18.
Re1 Nf4 19. Qd2 Nxh3+ 20. Kh2 Bxf3 21. gxf3 Qh4 22. Rh1 Nxf2+ 23. Kg2 Nxe4 24. Qd3 Qf2+ 25. Kh3 Qg3# 0-1

[Event "Early-Titled-Tuesday-Blitz-April-02-2024"]
[Site "Chess.com"]
[Date "2024.04.02"]
[Round "6"]
[White "robertoalejandro10"]
[Black "Louis-Paulsen-Fan"]
[Result "0-1"]
[WhiteElo "2480"]
[BlackElo "2288"]
[TimeControl "180+1"]
[EndTime "9:05:47 PDT"]
[Termination "Louis-Paulsen-Fan won by resignation"]

1. e4 Nf6 2. e5 Nd5 3. c4 Nb6 4.
c5 Nd5 5. d4 d6 6. cxd6 exd6 7.
Nf3 Be7 8. Bd3 O-O 9. h4 h6 10. Nc3 Nxc3 11. bxc3 Nc6 12. Bf4 Bg4 13. Be2 dxe5 14.
Nxe5 Bxe2 15. Qxe2 Nxe5 16. Qxe5 Bd6 17. Qf5 Re8+ 18.
Kf1 g6 19. Qg4 Re4 20. g3 Bxf4 21. gxf4 Qf6 22. Rh3 Rxf4 23. Qg3 Re8 24. Re1 Rxe1+ 25. Kxe1 Qf5 26. Kf1 h5 27. Kg2 Rg4 28. Kh2 Rxg3 29.
Kxg3 Qg4+ 30. Kh2 Qe2 31. Kg2 Qxa2 32. Re3 Qd5+ 33. Kg3 a5 34. f4 a4 35. Re8+ Kg7 36.
Ra8 Qc4 0-1

[Event "Early-Titled-Tuesday-Blitz-April-02-2024"]
[Site "Chess.com"]
[Date "2024.04.02"]
[Round "6"]
[White "FMStan15"]
[Black "DefenceWinsChampionships"]
[Result "1-0"]
[WhiteElo "2125"]
[BlackElo "2294"]
[TimeControl "180+1"]
[EndTime "9:05:47 PDT"]
[Termination "FMStan15 won on time"]

1. e4 c5 2. c3 Nf6 3. e5 Nd5 4. d4 cxd4 5. Nf3 e6 6. cxd4 d6 7. a3 Nc6 8. Bd3 Qc7 9. O-O Bd7 10. Qe2 h6 11. Bd2 Rc8 12. Nc3 Nxc3 13. Bxc3 d5 14.
Rac1 Be7 15. b4 a6 16. a4 Qb8 17. b5 axb5 18. axb5 Na7 19. Nd2 O-O 20. f4 g6 21. g4 Kh7 22. f5 gxf5 23. gxf5 Rg8+ 24. Kh1 exf5 25. Bxf5+ Bxf5 26. Rxf5 Rg7 27. Qd3 Kh8 28. Qh3 Bg5 29. Rg1 Kg8 30. Bb4 Qc7 31. Nf3 1-0

[Event "Early-Titled-Tuesday-Blitz-April-02-2024"]
[Site "Chess.com"]
[Date "2024.04.02"]
[Round "6"]
[White "Korchmar_Vasiliy"]
[Black "Beca95"]
[Result "0-1"]
[WhiteElo "2729"]
[BlackElo "2940"]
[TimeControl "180+1"]
[EndTime "9:05:49 PDT"]
[Termination "Beca95 won on time"]

1. e4 e5 2. Nf3 Nc6 3. Bc4 Nf6 4. d3 h6 5. O-O d6 6. a4 g5 7. Nc3 Bg4 8. Be3 Qd7 9. a5 a6 10. Nd5 Nxd5 11. Bxd5 Bg7 12. c3 Nd8 13. d4 c6 14. Ba2 Qe7 15. h3 Bh5 16. g4 Bg6 17. dxe5 dxe5 18. b4 Ne6 19. Bxe6 Qxe6 20. Bc5 Bxe4 21.
Re1 Qd5 22. Rxe4 Qxe4 23. Qd6 Bf8 24. Qf6 Bxc5 25. bxc5 O-O 26. Nxe5 Rae8 27. Nd7 Re6 28. Qf5 Qxf5 29. gxf5 Re7 30. Nxf8 Kxf8 31. Rb1 Kg7 32.
Rd1 Re5 33. Rd7 Rxc5 34. Rxb7 Rxa5 35. Rb6 Rc5 36. Rxa6 Rxc3 37. Ra8 Rxh3 38. Rc8 Rc3 39. Kg2 Rc5 40. Kg3 h5 41. f3 Rc3 42. Kf2 Kf6 43. Rc7 h4 44. Kg2 c5 45. Kf2 Rc2+ 46. Kg1 c4 47. Kh1 c3 48. Kg1 Ke5 49. Rxf7 Rd2 0-1

[Event "Early-Titled-Tuesday-Blitz-April-02-2024"]
[Site "Chess.com"]
[Date "2024.04.02"]
[Round "6"]
[White "NelsonLinda"]
[Black "GoltsevDmitry2000"]
[Result "0-1"]
[WhiteElo "2643"]
[BlackElo "2822"]
[TimeControl "180+1"]
[EndTime "9:05:50 PDT"]
[Termination "GoltsevDmitry2000 won on time"]

1. Nf3 d5 2. g3 Nf6 3. Bg2 c5 4. O-O Nc6 5. d3 e5 6. Nbd2 e4 7. dxe4 dxe4 8. Ng5 e3 9. Nde4 exf2+ 10. Nxf2 Qxd1 11.
Rxd1 Bd7 12. c3 h6 13. Nge4 Nxe4 14. Nxe4 O-O-O 15. Bf4 f5 16. Nd6+ Bxd6 17. Bxd6 b6 18. Rd2 Rhe8 19. Rad1 Na5 20. b3 Bc6 21. Bxc6 Nxc6 22.
Kf2 Re4 23. Rd5 g6 24. Bf4 Rxd5 25. Rxd5 g5 26. Bd6 Re6 27. h3 a5 28. Bf8 Ne5 29.
Bg7 Nf7 30. Rxf5 Nd6 31. Rf8+ Kd7 32. Rh8 Nf5 0-1

[Event "Early-Titled-Tuesday-Blitz-April-02-2024"]
[Site "Chess.com"]
[Date "2024.04.02"]
[Round "6"]
[White "WilsonPalencia21"]
[Black "Zkid"]
[Result "0-1"]
[WhiteElo "2585"]
[BlackElo "2890"]
[TimeControl "180+1"]
[EndTime "9:05:50 PDT"]
[Termination "Zkid won by resignation"]

1. d4 d5 2. c4 dxc4 3. Nf3 Nf6 4. e3 e6 5. Bxc4 c5 6. O-O Nc6 7. dxc5 Qxd1 8. Rxd1 Bxc5 9. a3 Ke7 10. b4 Bd6 11. Bb2 Rd8 12. Nc3 a6 13. Rd2 b5 14.
Be2 Bb7 15. Rad1 Bc7 16. Rxd8 Rxd8 17. Rxd8 Kxd8 18. Kf1 Ne5 19. Nxe5 Bxe5 20. f4 Bc7 21. Nd1 Bb6 22. Bxf6+ gxf6 23. Bf3 Bxf3 24. gxf3 f5 25. Ke2 Kd7 26. Kd3 Kd6 27. Nc3 Bd8 28. a4 Kc6 29.
axb5+ axb5 30. e4 Be7 31. exf5 Bxb4 32. Ne2 Bc5 33. fxe6 fxe6 34. Ke4 b4 35. Nc1 Kb5 36. Ke5 Kc4 37. Ke4 Bd4 38. h3 Bc3 39. Ke3 Bb2 40.
Nd3 Bd4+ 41. Kd2 b3 42. h4 h5 43. f5 exf5 44. Nf4 Be3+ 45. Kxe3 b2 46. Nxh5 b1=Q 47.
Kf4 Kd5 48. Ng7 Qb4+ 49. Kxf5 Qxh4 50. f4 Qh3+ 51. Kf6 Qh6+ 52. Kf7 Qxf4+ 53. Kg6 Ke5 54. Nh5 Qf5+ 55. Kh6 Qg4 56. Ng7 Kf6 57. Nh5+ Kf7 0-1

[Event "Early-Titled-Tuesday-Blitz-April-02-2024"]
[Site "Chess.com"]
[Date "2024.04.02"]
[Round "6"]
[White "InitiatingASC"]
[Black "PawnEatingZombie"]
[Result "1-0"]
[WhiteElo "2345"]
[BlackElo "2185"]
[TimeControl "180+1"]
[EndTime "9:05:50 PDT"]
[Termination "InitiatingASC won on time"]

1. e4 c5 2. Nf3 Nc6 3. Bb5 Nf6 4.
Bxc6 bxc6 5. d3 d6 6. O-O e5 7. h3 Be7 8. Nbd2 O-O 9. Nc4 Re8 10. Bg5 h6 11. Bd2 Bf8 12. Ba5 Qe7 13. Qe2 g6 14. Bc3 Bg7 15. a3 Nh5 16. b4 Nf4 17. Qe3 cxb4 18.
axb4 f6 19. Ra3 d5 20. exd5 cxd5 21. Nb6 Bxh3 22. Nxa8 Bxg2 23. Rxa7 Qe6 24. Rfa1 Qg4 25. Nxe5 Nh3+ 26. Kh2 fxe5 27. Qg3 Qxg3+ 28. fxg3 1-0

[Event "Early-Titled-Tuesday-Blitz-April-02-2024"]
[Site "Chess.com"]
[Date "2024.04.02"]
[Round "6"]
[White "RamonManon0g"]
[Black "LornerAcosta"]
[Result "0-1"]
[WhiteElo "2404"]
[BlackElo "2604"]
[TimeControl "180+1"]
[EndTime "9:05:53 PDT"]
[Termination "LornerAcosta won by resignation"]

1. e4 c5 2. Nf3 Nc6 3. Bb5 e6 4. O-O Nge7 5. c4 a6 6. Ba4 Qc7 7. Nc3 Nd4 8. d3 Nec6 9. Be3 Be7 10. Ne2 Nxf3+ 11. gxf3 O-O 12. Kh1 Rb8 13. Rg1 b5 14. cxb5 axb5 15. Bc2 d6 16. Bh6 Bf6 17. Qf1 Kh8 18.
Qh3 gxh6 19. Qxh6 Qe7 20. e5 Nxe5 21. d4 Ng6 22. Bxg6 fxg6 23. Nf4 Kg8 24. Rae1 Bg7 25.
Nxg6 hxg6 26. Rxg6 Rf6 27. Reg1 Rxg6 28. Rxg6 cxd4 29.
Qh5 Bb7 30. Kg2 Rf8 0-1

[Event "Early-Titled-Tuesday-Blitz-April-02-2024"]
[Site "Chess.com"]
[Date "2024.04.02"]
[Round "6"]
[White "viktorgen2021"]
[Black "Statham_01"]
[Result "1-0"]
[WhiteElo "2510"]
[BlackElo "2615"]
[TimeControl "180+1"]
[EndTime "9:05:54 PDT"]
[Termination "viktorgen2021 won on time"]

1. d4 Nf6 2. Nf3 d5 3. c4 e6 4. g3 dxc4 5. Qa4+ Nc6 6. Qxc4 Qd5 7. Qd3 Nb4 8. Qd1 Qf5 9. Na3 Nc6 10. Bg2 Bb4+ 11.
Bd2 Bxa3 12. bxa3 O-O 13. O-O Rd8 14. e3 e5 15. Nxe5 Nxe5 16. dxe5 Qxe5 17. Bc3 Qe7 18.
Qf3 c6 19. Bb4 Qe5 20. e4 Bg4 21. Qe3 h6 22. h3 Be6 23. Bc3 Qg5 24. Qe2 b5 25.
Rfd1 Bc4 26. Qb2 h5 27. h4 Qg4 28. Rd4 Rxd4 29. Bxd4 Qf5 30. exf5 1-0

[Event "Early-Titled-Tuesday-Blitz-April-02-2024"]
[Site "Chess.com"]
[Date "2024.04.02"]
[Round "6"]
[White "elcala"]
[Black "dealshark"]
[Result "0-1"]
[WhiteElo "1829"]
[BlackElo "2311"]
[TimeControl "180+1"]
[EndTime "9:05:54 PDT"]
[Termination "dealshark won by resignation"]

1. d4 Nf6 2. Nf3 e6 3. Bf4 d5 4.
e3 Be7 5. c3 O-O 6. Nbd2 Nbd7 7. Ne5 c5 8. Ndf3 Ne4 9. Bd3 Ndf6 10. h3 cxd4 11. exd4 a6 12. O-O b5 13. Nd2 Nxd2 14. Qxd2 Bb7 15. f3 Qb6 16. Bg5 Rfd8 17. Qf4 b4 18. Qh4 h6 19. Bxf6 Bxf6 20. Qh5 Rf8 21. f4 bxc3 22. bxc3 a5 23. Rab1 Qc7 24. Rfc1 Ba6 25. Bxa6 Rxa6 26. Rb2 Raa8 27. Rcb1 Bxe5 28. fxe5 Rab8 29. Qf3 Rxb2 30. Rxb2 Rc8 31. Rc2 Qc4 32. Kf2 Rb8 33. Qe2 Qc7 34. Ke3 Qe7 35. c4 Qg5+ 36. Kf2 Qf4+ 37. Ke1 Rb1+ 0-1

[Event "Early-Titled-Tuesday-Blitz-April-02-2024"]
[Site "Chess.com"]
[Date "2024.04.02"]
[Round "6"]
[White "rachidhuilda"]
[Black "zurzan"]
[Result "0-1"]
[WhiteElo "2308"]
[BlackElo "2074"]
[TimeControl "180+1"]
[EndTime "9:05:54 PDT"]
[Termination "zurzan won by resignation"]

1. d4 Nf6 2. Nf3 g6 3. e3 Bg7 4. Be2 O-O 5. O-O d5 6. b4 a5 7. b5 c6 8. bxc6 bxc6 9. c4 Na6 10. Nc3 c5 11. Nxd5 Nxd5 12. cxd5 cxd4 13. Nxd4 Bb7 14. e4 Rc8 15. Be3 Nc5 16. Rb1 Ba8 17.
f3 f5 18. Nc6 Bxc6 19. Bxc5 Bd7 20. Bb6 Qe8 21. Bxa5 fxe4 22. fxe4 Ba4 23. Rxf8+ Bxf8 24.
Qf1 Bc2 25. Re1 Bxe4 26. Bc4 Bf5 27. Bb3 Bg7 28. d6+ e6 29. Bc7 Bd4+ 30. Kh1 Qd7 31. Qf4 Bc5 32. g4 Qc6+ 33. Re4 Bxe4+ 0-1

[Event "Early-Titled-Tuesday-Blitz-April-02-2024"]
[Site "Chess.com"]
[Date "2024.04.02"]
[Round "6"]
[White "Lukianoo"]
[Black "SaiAgni_98"]
[Result "1-0"]
[WhiteElo "2820"]
[BlackElo "2528"]
[TimeControl "180+1"]
[EndTime "9:06:03 PDT"]
[Termination "Lukianoo won by resignation"]

1. e4 d6 2. d4 Nf6 3. Nc3 Nbd7 4. Nf3 e5 5. g4 Nxg4 6. Rg1 Ngf6 7. Bc4 h6 8. Be3 c6 9. Qd3 b5 10. Bb3 b4 11. Na4 Qa5 12. dxe5 Ba6 13. Qd2 Nxe5 14. Nxe5 Qxe5 15. O-O-O Nxe4 16. Qe1 Be7 17. Bd4 Qf4+ 18. Kb1 O-O-O 19. Qxb4 Bf6 20. Bxa7 Bb5 21. Be3 Qe5 22.
Bd4 Qf4 23. Qa5 Bxd4 24. Rxd4 Qxf2 25. Rgd1 Kd7 26. Rxe4 Rc8 27. Nb6+ 1-0

[Event "Early-Titled-Tuesday-Blitz-April-02-2024"]
[Site "Chess.com"]
[Date "2024.04.02"]
[Round "6"]
[White "PavelShkapenko"]
[Black "Chessexplained"]
[Result "1-0"]
[WhiteElo "2698"]
[BlackElo "2553"]
[TimeControl "180+1"]
[EndTime "9:06:03 PDT"]
[Termination "PavelShkapenko won by resignation"]

1. e4 c5 2. Nc3 Nc6 3. g3 g6 4.
Bg2 Bg7 5. d3 d6 6. Be3 e5 7. Nd5 Nge7 8. h4 Nxd5 9. exd5 Ne7 10. h5 Nf5 11. Bd2 Bd7 12. Nf3 Nd4 13. Ng5 Qe7 14. h6 Bf6 15. Ne4 O-O 16. c3 Nb5 17.
O-O Bh8 18. a4 Nc7 19. d4 cxd4 20. cxd4 Bf5 21. dxe5 Bxe5 22. Re1 Bxe4 23. Rxe4 Qf6 24. Ba5 b6 25. Rc1 bxa5 26. Rxc7 Rfc8 27. Qc2 Rxc7 28. Qxc7 Bd4 29. Rf4 1-0

[Event "Early-Titled-Tuesday-Blitz-April-02-2024"]
[Site "Chess.com"]
[Date "2024.04.02"]
[Round "6"]
[White "alexrustemov"]
[Black "Orest_Vovk"]
[Result "1-0"]
[WhiteElo "2883"]
[BlackElo "2580"]
[TimeControl "180+1"]
[EndTime "9:06:05 PDT"]
[Termination "alexrustemov won by resignation"]

1. d4 h6 2. e4 g5 3. h4 g4 4. Ne2 d5 5. exd5 Qxd5 6. Nbc3 Qa5 7. Ng3 Nf6 8. Bc4 c6 9. O-O Nbd7 10. Re1 Nb6 11. Bb3 Bd7 12. Bf4 O-O-O 13. Qe2 e6 14.
Be5 Be7 15. Nce4 Nxe4 16. Nxe4 f5 17. Nd6+ Bxd6 18. Bxd6 Rde8 19. c4 Kd8 20. Bf4 Re7 21. Rad1 Ke8 22. Bd6 Nc8 23. Bxe7 Nxe7 24. d5 cxd5 25.
cxd5 g3 26. dxe6 gxf2+ 27. Kxf2 Qc5+ 28. Qe3 Qxe3+ 29. Rxe3 Bc6 30. Red3 Kf8 31. Rd8+ Kg7 32. Rxh8 Kxh8 33. Rd8+ Kg7 34. g3 Kf6 35. Ke3 Ke5 36.
Rh8 Bd5 37. Rxh6 Bxb3 38. axb3 Nd5+ 39. Kf3 a5 40. Rh7 Kxe6 41. Rxb7 Nb4 42. Rb6+ Ke7 43. Rb5 1-0

[Event "Early-Titled-Tuesday-Blitz-April-02-2024"]
[Site "Chess.com"]
[Date "2024.04.02"]
[Round "6"]
[White "Aslanov_Umid"]
[Black "JosefineHeinemann"]
[Result "0-1"]
[WhiteElo "2637"]
[BlackElo "2527"]
[TimeControl "180+1"]
[EndTime "9:06:05 PDT"]
[Termination "JosefineHeinemann won by checkmate"]

1. e4 c5 2. Nf3 d6 3. d4 cxd4 4. Nxd4 Nf6 5. Nc3 a6 6. Bc4 e6 7. Bb3 b5 8. Bg5 Be7 9. Qf3 Qb6 10. O-O-O Qb7 11. Rhe1 O-O 12. Bh4 Nc6 13. Nxc6 Qxc6 14.
g4 Bb7 15. g5 Nd7 16. Nd5 Bd8 17. Nf6+ gxf6 18. gxf6 Kh8 19. Bd5 Qc7 20. Rg1 Ne5 21. Qh5 Ng6 22. Qh6 Rg8 23. Rxg6 fxg6 24. Bxe6 Bxe4 25.
Bxg8 Qxc2# 0-1

[Event "Early-Titled-Tuesday-Blitz-April-02-2024"]
[Site "Chess.com"]
[Date "2024.04.02"]
[Round "6"]
[White "wadsy27"]
[Black "Laico"]
[Result "1-0"]
[WhiteElo "2621"]
[BlackElo "2414"]
[TimeControl "180+1"]
[EndTime "9:06:05 PDT"]
[Termination "wadsy27 won on time"]

1. Nf3 e6 2. g3 b6 3. Bg2 Bb7 4. O-O f5 5. d3 Nf6 6. e4 fxe4 7. Ng5 Be7 8. Nxe4 Nxe4 9. dxe4 O-O 10. Nc3 Bc5 11.
Qe2 Ba6 12. Nb5 c6 13. c4 cxb5 14. cxb5 Bb7 15. Be3 d6 16. Rad1 Qe7 17. Bxc5 dxc5 18. Qc4 Nd7 19. Bh3 Rf6 20. f4 Kh8 21. e5 Rh6 22. Bg4 Bd5 23. Rxd5 exd5 24. Qxd5 Rd8 25. Rd1 Rg6 26. Bxd7 Qh4 27. Qg2 Qe7 28. Qh3 Rh6 29.
Qf5 g6 30. Qf6+ Qxf6 31. exf6 Rh5 32. Kg2 Rf5 33. Rd6 1-0

[Event "Early-Titled-Tuesday-Blitz-April-02-2024"]
[Site "Chess.com"]
[Date "2024.04.02"]
[Round "6"]
[White "francyIM"]
[Black "PolandHussars"]
[Result "1-0"]
[WhiteElo "2799"]
[BlackElo "2575"]
[TimeControl "180+1"]
[EndTime "9:06:08 PDT"]
[Termination "francyIM won by resignation"]

1. Nf3 d5 2. e3 Nf6 3. c4 e6 4.
d4 a6 5. Nbd2 dxc4 6. Nxc4 b5 7.
Nce5 Bd6 8. a4 b4 9. a5 O-O 10. Bd2 Bb7 11. Qa4 Qe7 12. Bd3 Ne4 13. Qc2 f5 14. Bc4 Nd7 15. Nxd7 Qxd7 16. Qb3 Nxd2 17. Bxe6+ Kh8 18. Kxd2 Qe7 19. Rhc1 f4 20. Bd5 fxe3+ 21.
fxe3 Bxd5 22. Qxd5 Rae8 23. Re1 c5 24. Qc4 Qb7 25.
d5 Be5 26. Nxe5 Rxe5 27. e4 Qe7 28. Re2 Re8 29. Rae1 Qd6 30. Kc2 h6 31. Kb1 R8e7 32.
h3 Re8 33. Rf1 Qe7 34. Rf4 Qd6 35. Ref2 Qg6 36. Ka2 Rxe4 37. Rxe4 Rxe4 38. Qxc5 b3+ 39. Ka3 Re1 40. Qf8+ Kh7 41. Qf5 Rd1 42. Kxb3 Rd3+ 43. Kc4 Rg3 44. Qxg6+ Kxg6 45. d6 Rxg2 46. Rxg2+ 1-0

[Event "Early-Titled-Tuesday-Blitz-April-02-2024"]
[Site "Chess.com"]
[Date "2024.04.02"]
[Round "6"]
[White "Hikaru"]
[Black "KuzubovYuriy"]
[Result "1/2-1/2"]
[WhiteElo "3256"]
[BlackElo "2917"]
[TimeControl "180+1"]
[EndTime "9:06:09 PDT"]
[Termination "Game drawn by repetition"]

1. d4 Nf6 2. Bg5 e6 3. c4 h6 4. Bf4 b6 5. Nc3 Bb4 6. Qb3 a5 7. e3 Bb7 8. a3 Bxc3+ 9. Qxc3 O-O 10. f3 d5 11. c5 bxc5 12. Qxc5 c6 13. Rb1 Nh5 14.
Bxb8 Rxb8 15. Qc2 Qb6 16. Ne2 Ba6 17. Nc3 Bxf1 18. Rxf1 Qc7 19. g3 c5 20. dxc5 Qxc5 21. Kf2 Rfc8 22. Qd2 Nf6 23. Rfc1 Qe7 24. Na4 e5 25.
Qxa5 e4 26. Nc3 exf3 27. Nxd5 Ng4+ 28. Kxf3 Nxh2+ 29. Kg2 Qe4+ 30. Kh3 Nf3 31. Nc3 Rxc3 32. Qxc3 Ng5+ 33. Kh2 Nf3+ 34. Kh3 Ng5+ 35. Kh2 Nf3+ 36.
Kh3 1/2-1/2

[Event "Early-Titled-Tuesday-Blitz-April-02-2024"]
[Site "Chess.com"]
[Date "2024.04.02"]
[Round "6"]
[White "Antosha_Chekhonte"]
[Black "Msb2"]
[Result "0-1"]
[WhiteElo "2589"]
[BlackElo "3015"]
[TimeControl "180+1"]
[EndTime "9:06:09 PDT"]
[Termination "Msb2 won by resignation"]

1. e4 e6 2. d4 d5 3. exd5 exd5 4.
Nf3 Nc6 5. Nc3 a6 6. Bg5 Be7 7.
Bxe7 Ngxe7 8. Be2 O-O 9. O-O Qd6 10. Qd2 Bg4 11. Nd1 Ng6 12. Ne3 Be6 13. Rfe1 Rfe8 14. Bf1 Rad8 15. g3 h6 16. c3 Nb8 17. Bd3 Nd7 18.
h4 Ngf8 19. Ng2 Nf6 20. Nf4 c5 21. dxc5 Qxc5 22. Nd4 Qb6 23. Kg2 Bd7 24. f3 Ne6 25.
Nfxe6 Bxe6 26. Re3 Bd7 27. Rae1 Rxe3 28. Rxe3 Qd6 29. Qe2 Nh5 30. Re5 Nxg3 31. Qe1 f6 32. Re7 Nh5 33. Kh1 Kf8 34. Re3 Qg3 35. Qxg3 Nxg3+ 36. Kg2 Nh5 37. Ne2 g5 38. Bg6 Ng7 39.
Rd3 Bb5 40. Rd2 Ne6 41. hxg5 Bxe2 42. gxf6 Nf4+ 43. Kg3 Nxg6 44. Rxe2 Kf7 0-1

[Event "Early-Titled-Tuesday-Blitz-April-02-2024"]
[Site "Chess.com"]
[Date "2024.04.02"]
[Round "6"]
[White "Rashad_Zeynalli"]
[Black "GalaxyRoman"]
[Result "1-0"]
[WhiteElo "2690"]
[BlackElo "2815"]
[TimeControl "180+1"]
[EndTime "9:06:10 PDT"]
[Termination "Rashad_Zeynalli won by checkmate"]

1. d4 Nf6 2. Bf4 d5 3. e3 e6 4.
Nf3 Bd6 5. Ne5 Nbd7 6. Nd2 Qe7 7. Bd3 c5 8. c3 O-O 9. g4 Ne8 10. g5 Bxe5 11. dxe5 g6 12. h4 Ng7 13. h5 c4 14.
Bc2 Nc5 15. Nf3 Bd7 16. Nd4 b5 17. Qg4 b4 18. cxb4 Nd3+ 19. Kf1 Qxb4 20. hxg6 fxg6 21. Kg2 Nxf4+ 22. exf4 Qd2 23. Rxh7 Rxf4 24. Qh3 Rxf2+ 25. Kh1 Qxg5 26. Rg1 Qxe5 27. Bxg6 Qxd4 28. Rh8# 1-0

[Event "Early-Titled-Tuesday-Blitz-April-02-2024"]
[Site "Chess.com"]
[Date "2024.04.02"]
[Round "6"]
[White "Rosh1610"]
[Black "kereswasbest"]
[Result "1-0"]
[WhiteElo "2446"]
[BlackElo "2250"]
[TimeControl "180+1"]
[EndTime "9:06:10 PDT"]
[Termination "Rosh1610 won by resignation"]

1. e4 c5 2. Nc3 Nc6 3. f4 g6 4.
Nf3 Bg7 5. a4 d6 6. Bb5 Bd7 7.
d3 Nf6 8. O-O O-O 9. Qe1 Nd4 10.
Qf2 Nxf3+ 11. Qxf3 Bxb5 12. Nxb5 a6 13. Nc3 Nd7 14.
a5 Nb8 15. Nd5 Nc6 16. Nb6 Rb8 17. Nc4 Nd4 18. Qf2 d5 19. exd5 Qxd5 20. Be3 Rfe8 21.
Rae1 e5 22. fxe5 Rxe5 23. Nxe5 Bxe5 24. c3 Ne6 25. Qxf7+ Kh8 26. Bh6 Rd8 27. Bg7+ Bxg7 28. Rxe6 Rf8 29. Qe7 Rxf1+ 30. Kxf1 Qxd3+ 31. Re2 Qb1+ 32. Kf2 Qf5+ 33. Kg3 h5 34. h3 g5 35. Qe8+ Kh7 36. Qxh5+ Kg8 37. Qe8+ Kh7 38. Qe4 Be5+ 39. Qxe5 1-0

[Event "Early-Titled-Tuesday-Blitz-April-02-2024"]
[Site "Chess.com"]
[Date "2024.04.02"]
[Round "6"]
[White "Bauman_Guy"]
[Black "Harry_Rakkel"]
[Result "1-0"]
[WhiteElo "2903"]
[BlackElo "2728"]
[TimeControl "180+1"]
[EndTime "9:06:13 PDT"]
[Termination "Bauman_Guy won by resignation"]

1. e4 c5 2. Nf3 e6 3. d4 cxd4 4. Nxd4 Nc6 5. Nc3 Qc7 6. g3 a6 7. Bg2 d6 8. O-O Bd7 9. a4 Nf6 10. Be3 Be7 11. Nxc6 Bxc6 12. a5 O-O 13. Re1 Rae8 14. Bb6 Qb8 15. Na4 Nd7 16. Bd4 Qc8 17.
Nb6 Nxb6 18. Bxb6 f5 19. exf5 Bxg2 20. Kxg2 Rxf5 21. c3 Qc6+ 22. Kg1 Bd8 23. Bxd8 Rxd8 24. Rxe6 Rdf8 25. f4 Rd5 26. Qe2 h6 27. Re7 Kh8 28. Qe3 Qb5 29. Qb6 Qc4 30. Qxb7 Rd2 31. Rxg7 Qd3 32.
Re1 d5 33. Qe7 Rb8 34. Rf7 1-0

[Event "Early-Titled-Tuesday-Blitz-April-02-2024"]
[Site "Chess.com"]
[Date "2024.04.02"]
[Round "6"]
[White "temus_galaktionov"]
[Black "Meri-Arabidze"]
[Result "1-0"]
[WhiteElo "2852"]
[BlackElo "2685"]
[TimeControl "180+1"]
[EndTime "9:06:15 PDT"]
[Termination "temus_galaktionov won by resignation"]

1. d4 Nf6 2. c4 e6 3. Nf3 Bb4+ 4. Nbd2 O-O 5. a3 Be7 6. e4 d6 7.
b4 e5 8. dxe5 dxe5 9. Bb2 a5 10.
b5 Bg4 11. h3 Bh5 12. Qc2 Re8 13. g4 Bg6 14. Nxe5 Bc5 15. Nxg6 hxg6 16. Bg2 Bd4 17. O-O Bxb2 18. Qxb2 Qd3 19. Rae1 Nbd7 20. Re3 Qd6 21. f4 Qb6 22. Re1 Nc5 23. Kf1 Rad8 24. Qc2 Ne6 25. f5 Nd4 26. Qc3 Re5 27. Nb3 Nxb3 28. Qxb3 Qd4 29.
Bf3 b6 30. Rd1 Qxd1+ 31. Bxd1 Rd6 32. Bf3 Nd7 33. Qc3 g5 34. Rd3 Nc5 35. Rxd6 cxd6 36.
Qd4 f6 37. Qxd6 Na4 38. Qd1 Nc5 39. Qd8+ Kh7 40. Qxb6 1-0

[Event "Early-Titled-Tuesday-Blitz-April-02-2024"]
[Site "Chess.com"]
[Date "2024.04.02"]
[Round "6"]
[White "Flaccidmoves"]
[Black "Alexchess1984"]
[Result "0-1"]
[WhiteElo "2434"]
[BlackElo "2745"]
[TimeControl "180+1"]
[EndTime "9:06:16 PDT"]
[Termination "Alexchess1984 won by checkmate"]

1. Nf3 g6 2. e4 c5 3. d4 cxd4 4.
Nxd4 Bg7 5. c4 Nc6 6. Be3 d6 7. Nc3 Nf6 8. Be2 O-O 9. O-O Bd7 10. Qd2 Nxd4 11. Bxd4 Bc6 12. f3 a5 13. Rab1 Nd7 14.
Be3 Nc5 15. b3 Qb6 16. Kh1 Qb4 17. Rfc1 a4 18. Nd5 Qxd2 19. Nxe7+ Kh8 20. Bxd2 axb3 21. axb3 Ra2 22. Rd1 Bxe4 23. fxe4 Nxe4 24. Bb4 Rxe2 25. Re1 Rxe1+ 26. Rxe1 Nf2+ 27. Kg1 Nd3 28. Rd1 Nxb4 29. Rxd6 h5 30. Rd7 b6 31. Kf1 Na6 32. Nd5 Nc5 33.
Rc7 Nxb3 34. Nxb6 Be5 35. Rc6 Bd4 36. Nd5 Re8 37. Rc7 Nd2# 0-1